 Dungeon Crawl Stone Soup version bcrawl-1.19.1 (webtiles) character file.

Game seed: 15197445632747872812

66989 Freyura the Bludgeoner (level 14, -7/90 HPs)
             Began as a Skeleton Gladiator on Nov 28, 2019.
             Was the Champion of Makhleb.
             Killed by divine providence
             ... invoked by an orc priest
              (12 damage)
             ... in the Orcish Mines on Nov 29, 2019.
             The game lasted 01:05:06 (16619 turns).

Freyura the Bludgeoner (Skeleton Gladiator)        Turns: 16619, Time: 01:05:06

Health: -7/90      AC: 34    Str: 20 (21) XL:     14   Next: 81%
Magic:  0/30       EV: 15    Int:  0 (2)  God:    Makhleb [******]
Gold:   1940       SH:  0    Dex: 16 (18) Spells: 13/13 levels left

rFire    . . .     SeeInvis +   A - +5 great mace (elec)
rCold    + . .     Gourm    .   (shield currently unavailable)
rNeg     + + +     Faith    .   s - +10 plate armour of Noughts and Crosses {+Blink Regen+ Int-3 Dex+4}
rPois    ∞         Spirit   +   c - +1 helmet
rElec    .         Reflect  .   e - +2 cloak
rCorr    .         Harm     .   m - +0 pair of gloves
MR       ++++.                  J - +0 pair of boots
Stlth    ..........             h - necklace of Bloodlust {*Rage +Rage MR++ Int-3 Slay+6 *Curse} (curse)
HPRegen  0.65/turn              u - ring of see invisible
MPRegen  0.22/turn              z - ring of magical power

@: slowed, lost intelligence, very slow
A: no food or potions, cold resistance 1, deterioration 1, negative energy
resistance 3, powered by death 1, torment resistance, unbreathing, magic shield,
sturdy frame 2, spell healing
a: Minor Destruction, Lesser Servant of Makhleb, Major Destruction, Greater
Servant of Makhleb, Renounce Religion, Evoke Blink


You were in the Orcish Mines.
You worshipped Makhleb.
Makhleb was exalted by your worship.
You were not hungry.

You visited 3 branches of the dungeon, and saw 19 of its levels.

You collected 2128 gold pieces.
You spent 188 gold pieces at shops.

Inventory:

Hand Weapons
 A - a +5 great mace of electrocution (weapon)
 G - the +8 whip "Snakebite" {curare, rPois}
   (You found it on level 4 of the Lair of Beasts)

   It poisons the flesh of those it strikes.
   It protects you from poison.
Missiles
 d - 3 throwing nets (quivered) {!f}
Armour
 c - a +1 helmet (worn)
 e - a +2 cloak (worn)
 m - a +0 pair of gloves (worn)
 o - the +7 plate armour of the Abyss {Dex+5}
   (You took it off a human on level 12 of the Dungeon)

   It affects your dexterity (+5).
 s - the +10 plate armour of Noughts and Crosses (worn) {+Blink Regen+ Int-3 Dex+4}
   (You found it on level 4 of the Dungeon)

   It affects your intelligence (-3).
   It affects your dexterity (+4).
   It lets you blink.
   It increases your rate of regeneration.
 I - the +8 chain mail of Understanding {Dex+4}
   (You found it on level 6 of the Lair of Beasts)

   It affects your dexterity (+4).
 J - a +0 pair of boots (worn)
Jewellery
 b - an uncursed ring of protection from fire
 h - the cursed necklace of Bloodlust (around neck) {*Rage +Rage MR++ Int-3 Slay+6 *Curse}
   (You found it on level 11 of the Dungeon)

   [amulet of rage]

   It affects your intelligence (-3).
   It affects your accuracy and damage with ranged weapons and melee attacks
   (+6).
   It affects your resistance to hostile enchantments.
   It lets you go berserk.
   It may make you go berserk in combat.
   It curses itself when equipped.
   It has a curse placed upon it.
 i - a +3 amulet of reflection
 l - an uncursed amulet of magic regeneration
 r - an uncursed amulet of faith
 u - a ring of see invisible (left hand)
 v - a +2 ring of protection
 z - a ring of magical power (right hand)
 D - an uncursed ring of resist corrosion
 O - an uncursed ring of protection from cold
Wands
 a - a wand of paralysis (18)
 f - a wand of clouds (12)
 j - a wand of acid (4)
 q - a wand of scattershot (6)
 y - a wand of random effects (9)
 B - a wand of iceblast (8)
 K - a wand of digging (11)
Scrolls
 g - 5 scrolls of blinking
 k - 3 scrolls of fog
 n - 13 scrolls of teleportation
 p - 2 scrolls of magic mapping
 t - 5 scrolls of amnesia
 w - 6 scrolls of identify
 x - 8 scrolls of remove curse
 C - a scroll of brand weapon
 H - a scroll of silence
 L - 2 scrolls of enchant armour
Miscellaneous
 N - a lamp of fire


   Skills:
 + Level 11.1 Fighting
 * Level 17.7 Maces & Flails
 - Level 1.7 Throwing
 + Level 11.9 Armour
 + Level 11.4 Dodging
 + Level 9.7 Invocations
 + Level 1.0 Evocations


You had 13 spell levels left.
You didn't know any spells.
Your spell library contained the following spells:

 Spells                   Type           Power        Failure   Level  Hunger
 Apportation              Tloc           #.....       98%         1    N/A
 Corona                   Hex            #......      98%         1    N/A
 Infusion                 Chrm           #.......     98%         1    N/A
 Magic Dart               Conj           #...         98%         1    N/A
 Sandblast                Erth           #.....       98%         1    N/A
 Slow                     Hex            #.......     98%         1    N/A
 Summon Butterflies       Summ           #.......     98%         1    N/A
 Blink                    Tloc           N/A          99%         2    N/A
 Call Imp                 Summ           #.....       99%         2    N/A
 Ensorcelled Hibernation  Hex/Ice        #.....       99%         2    N/A
 Passwall                 Tmut/Erth      #.......     99%         2    N/A
 Song of Slaying          Chrm           #.......     99%         2    N/A
 Confuse                  Hex            #.......     100%        3    N/A
 Conjure Flame            Conj/Fire      #.......     100%        3    N/A
 Dazzling Spray           Conj/Hex       #.....       100%        3    N/A
 Mephitic Cloud           Conj/Pois/Air  #.......     100%        3    N/A
 Ozocubu's Armour         Chrm/Ice       #.......     100%        3    N/A
 Spectral Weapon          Hex/Chrm       #.......     100%        3    N/A
 Stone Arrow              Conj/Erth      #.....       100%        3    N/A
 Tukima's Dance           Hex            #.......     100%        3    N/A
 Petrify                  Tmut/Erth      #.......     100%        4    N/A
 Lee's Rapid Deconstruct  Erth           #.........   100%        5    N/A
 Regeneration             Chrm/Necr      Unusable     N/A         3    N/A
 Spider Form              Tmut/Pois      Unusable     N/A         3    N/A

Dungeon Overview and Level Annotations

Branches:
Dungeon (12/12)            Temple (0/1) D:6            Lair (6/6) D:8
 Shoals (0/3) Lair:3        Snake (0/3) Lair:3        Slime (0/5) Lair:6
    Orc (1/1) D:9             Elf (0/3) Orc          Vaults (0/3) D:12
 Depths (0/5) D:12

Altars:
Makhleb
Uskayaw
Beogh
Jiyva

Shops:
D:6 =   D:10 =   D:11 *   Orc (

Annotations:
D:10 2 runed translucent doors, pheathergobbo575's ghost, journeyman VSMo Orc Saint Roka


Innate Abilities, Weirdness & Mutations

You do not eat or drink.
You are immune to poison.
Your flesh is cold resistant. (rC+)
Your body sometimes deteriorates upon taking damage.
You are immune to negative energy. (rN+++)
You regenerate a little health from kills.
You are immune to unholy pain and torment.
You can survive without breathing.
When hurt, damage is shared between your health and your magic reserves.
Your movements are less encumbered by armour. (ER -4)
Casting spells heals you.


Message History

Saint Roka roars a battlecry!
The orc priest goes into a battle-frenzy!
You bludgeon the orc wizard!!
You kill the orc wizard!
Makhleb accepts your kill.
You feel better. The orc misses you. The troll barely misses you.
The troll misses you. The troll closely misses you.
The ogre completely misses you.
The orc knight roars a battlecry!
The orc priest calls down the wrath of Beogh upon you.
Beogh smites you!
* * * LOW HITPOINT WARNING * * *
You bludgeon the troll!! Lightning courses through the troll!
The troll is severely wounded.
The troll bites you but does no damage. The troll barely misses you.
The troll claws you but does no damage. The orc closely misses you.
The orc hits you but does no damage.
The orc priest calls down the wrath of Beogh upon you.
Beogh smites you!
You die...

##.##..................
####...#..................
....................##+##.
.##########...#.#..## ## #..
##.###...# # #.. #..#....# # #
#.. #.. ####..#.#. # # #.#
##'###o##8.#....#.# ## ###.#
..ooo.oT@o)))8.....#####. .##.#
....8ooOoo.'............. ..#.#
...ooo.o...'.8.......#.## ....##
##'###+##8.#...#.##..#.## .....#
#. ####............# ..#..## #
....#.......## ...#..###
##......._......
....#...##########...............
....###......................##..


You could see Saint Roka, an orc knight, a troll, an orc sorcerer, an orc
warrior, an ogre, 4 orc priests and 6 orcs.

Vanquished Creatures
  Nessos (Lair:4)
  Josephine (D:12)
  4 vault guards (D:12)
  4 hydras
  2 centaur warriors
  An ogre mage (D:12)
  7 two-headed ogres
  A fire crab (D:12)
  3 skeletal warriors (D:11)
  2 wizards (D:12)
  A cyclops (D:9)
  4 orc knights
  3 deep elf magi
  5 orc sorcerers
  2 wolf spiders
  2 ugly things
  7 elephants
  A torpor snail (Lair:6)
  6 black mambas
  3 gargoyles
  A centaur skeleton (D:10)
  22 cane toads
  5 komodo dragons
  A rime drake (Lair:3)
  An efreet (D:12)
  2 trolls
  2 polar bears
  A tengu conjurer (D:11)
  Prince Ribbit (Lair:2)
  4 tyrant leeches (Lair:6)
  A hornet (D:10)
  19 blink frogs
  6 slime creatures
  11 dream sheep
  10 hippogriffs
  A centaur simulacrum (D:12)
  15 yaks
  4 wraiths (D:12)
  A shadow (D:12)
  2 basilisks (Lair:1)
  8 humans (D:12)
  2 hungry ghosts
  7 vampire mosquitoes
  A warg (Orc)
  10 crocodiles
  19 water moccasins
  9 porcupines
  12 orc warriors
  2 phantoms
  3 ice beasts
  3 black bears
  3 sky beasts
  An eye of draining (D:10)
  A necrophage (D:7)
  3 centaurs
  7 ogres
  18 wolves
  23 bullfrogs
  A scorpion (D:12)
  5 killer bees
  12 wights
  9 howler monkeys
  3 electric eels
  9 crimson imps
  2 centaur zombies
  A quasit (D:10)
  4 jellies
  12 orc priests
  6 hounds
  11 orc wizards
  2 bullfrog skeletons
  4 iguanas
  9 worker ants
  A killer bee zombie (D:8)
  A hound skeleton (D:7)
  A worker ant zombie (D:6)
  4 gnolls
  12 adders
  2 oozes (D:2)
  3 worms
  4 dart slugs
  5 leopard geckos
  54 orcs
  3 goblins
  8 hobgoblins
  9 jackals
  7 kobolds
  3 quokkas
  3 bats
  A leopard gecko skeleton (D:5)
  6 rats
  A plant (Lair:4)
520 creatures vanquished.

Vanquished Creatures (others)
  2 orcs (Orc)
  17 fungi
  22 plants
41 creatures vanquished.

Grand Total: 561 creatures vanquished

Notes
Turn   | Place    | Note
-------+----------+-------------------------------------------
     0 | D:1      | Freyura the Skeleton Gladiator began the quest for the Orb.
     0 | D:1      | Reached XP level 1. HP: 12/12 MP: 1/1
   407 | D:1      | Reached XP level 2. HP: 16/17 MP: 2/2
   544 | D:1      | Reached skill level 4 in Maces & Flails
  1060 | D:2      | Reached skill level 1 in Armour
  1068 | D:2      | Reached XP level 3. HP: 22/22 MP: 3/3
  1715 | D:2      | Reached XP level 4. HP: 27/27 MP: 4/4
  1851 | D:2      | Reached skill level 5 in Maces & Flails
  2006 | D:3      | Reached XP level 5. HP: 30/32 MP: 5/5
  2224 | D:3      | Found a hide-covered altar of Uskayaw.
  2245 | D:3      | Noticed a black bear
  2284 | D:3      | Killed a black bear
  2284 | D:3      | Reached skill level 6 in Maces & Flails
  2284 | D:3      | Gained mutation: You regenerate a little health from kills.
                  | [Skeleton growth]
  2284 | D:3      | Reached XP level 6. HP: 6/37 MP: 1/6
  2631 | D:3      | Found a burning altar of Makhleb.
  2638 | D:3      | Became a worshipper of Makhleb the Destroyer
  3165 | D:4      | Noticed a sky beast
  3201 | D:4      | Killed a sky beast
  3201 | D:4      | Reached skill level 1 in Invocations
  3201 | D:4      | Reached XP level 7. HP: 7/42 MP: 4/7
  3554 | D:4      | Reached skill level 7 in Maces & Flails
  3614 | D:4      | Got a blackened plate armour
  3884 | D:5      | Entered Level 5 of the Dungeon
  3941 | D:5      | Reached * piety under Makhleb
  4577 | D:6      | Reached XP level 8. HP: 48/48 MP: 9/9
  4585 | D:6      | Reached skill level 5 in Dodging
  4717 | D:6      | Reached skill level 8 in Maces & Flails
  4758 | D:6      | Identified the +10 plate armour of Noughts and Crosses
                  | {+Blink Regen+ Int-3 Dex+4} (You found it on level 4 of the
                  | Dungeon)
  4950 | D:6      | Found Dyxarr's Jewellery Shoppe.
  4958 | D:6      | Bought a +3 amulet of reflection for 188 gold pieces
  5063 | D:6      | Found a staircase to the Ecumenical Temple.
  5241 | D:7      | Reached skill level 5 in Fighting
  5287 | D:7      | Noticed a hippogriff
  5291 | D:7      | Killed a hippogriff
  5291 | D:7      | Reached skill level 9 in Maces & Flails
  5291 | D:7      | Reached skill level 5 in Armour
  5292 | D:7      | Noticed a hippogriff
  5303 | D:7      | Killed a hippogriff
  5303 | D:7      | Reached ** piety under Makhleb
  5303 | D:7      | Reached XP level 9. HP: 54/54 MP: 11/11
  6014 | D:8      | Reached skill level 10 in Maces & Flails
  6109 | D:8      | Noticed a troll
  6124 | D:8      | Killed a troll
  6124 | D:8      | Gained mutation: Your movements are less encumbered by
                  | armour. (ER -4) [Skeleton growth]
  6124 | D:8      | Reached XP level 10. HP: 60/60 MP: 11/13
  6159 | D:8      | Reached skill level 11 in Maces & Flails
  6165 | D:8      | Found a staircase to the Lair.
  6367 | D:8      | Noticed a cyan ugly thing
  6388 | D:8      | Killed a cyan ugly thing
  6388 | D:8      | Reached *** piety under Makhleb
  6388 | D:8      | Reached skill level 5 in Invocations
  6635 | D:9      | Got a smoking leather armour
  6852 | D:9      | Noticed a wolf spider
  6853 | D:9      | Found a staircase to the Orcish Mines.
  6870 | D:9      | Killed a wolf spider
  6881 | D:9      | Reached skill level 12 in Maces & Flails
  6927 | D:9      | Noticed a cyclops
  6942 | D:9      | Killed a cyclops
  6942 | D:9      | Reached XP level 11. HP: 49/67 MP: 6/15
  7058 | D:9      | Reached **** piety under Makhleb
  7070 | D:9      | Noticed an orc knight
  7093 | D:9      | Killed an orc knight
  7617 | D:10     | Entered Level 10 of the Dungeon
  7732 | D:10     | Found a runed translucent door.
  7733 | D:10     | Noticed a skeletal warrior
  7736 | D:10     | Noticed a fire giant
  7737 | D:10     | Noticed a white ugly thing
  7737 | D:10     | Noticed a necromancer
  7737 | D:10     | Noticed a lich
  7738 | D:10     | Noticed a flayed ghost
  7738 | D:10     | Noticed pheathergobbo575's ghost (journeyman VSMo)
  7741 | D:10     | Found a runed translucent door.
  7762 | D:10     | Noticed a five-headed hydra
  7784 | D:10     | Killed a five-headed hydra
  7824 | D:10     | Noticed a deep elf mage
  7831 | D:10     | Killed a deep elf mage
  7907 | D:10     | Found Urioraowu's Jewellery Shoppe.
  8103 | D:10     | Noticed a two-headed ogre
  8114 | D:10     | Killed a two-headed ogre
  8114 | D:10     | Reached skill level 13 in Maces & Flails
  8505 | D:11     | Found Qevvosol's Assorted Antiques.
  8551 | D:11     | Noticed a skeletal warrior
  8551 | D:11     | Noticed a skeletal warrior
  8577 | D:11     | Killed a skeletal warrior
  8602 | D:11     | Killed a skeletal warrior
  8603 | D:11     | Noticed a skeletal warrior
  8650 | D:11     | Killed a skeletal warrior
  8753 | D:11     | Noticed an orc knight
  8753 | D:11     | Noticed an orc sorcerer
  8769 | D:11     | Noticed a soul eater
  8775 | D:11     | Killed an orc sorcerer
  8787 | D:11     | Killed an orc knight
  9233 | D:11     | Found the cursed necklace of Bloodlust {*Rage +Rage MR++
                  | Int-3 Slay+6 *Curse}
  9324 | D:11     | Reached ***** piety under Makhleb
  9369 | D:11     | Noticed a centaur warrior
  9379 | D:11     | Killed a centaur warrior
  9379 | D:11     | Reached XP level 12. HP: 75/75 MP: 14/17
  9771 | D:12     | Entered Level 12 of the Dungeon
  9863 | D:12     | Noticed a vault guard
  9865 | D:12     | Identified the +7 plate armour of the Abyss {Dex+5}
  9870 | D:12     | Noticed a vault guard
  9876 | D:12     | Killed a vault guard
  9876 | D:12     | Reached skill level 14 in Maces & Flails
  9880 | D:12     | Noticed a vault guard
  9895 | D:12     | HP: 3/75 [vault guard/+2 long sword (15)]
  9902 | D:12     | Killed a vault guard
  9930 | D:12     | Killed a vault guard
  9960 | D:12     | Noticed a vault guard
  9974 | D:12     | Killed a vault guard
 10097 | D:12     | Found a gate to the Vaults.
 10156 | D:12     | Noticed Josephine
 10165 | D:12     | Killed Josephine
 10165 | D:12     | Reached skill level 15 in Maces & Flails
 10214 | D:12     | Noticed a centaur warrior
 10223 | D:12     | Killed a centaur warrior
 10416 | D:12     | Reached skill level 10 in Armour
 10416 | D:12     | Reached XP level 13. HP: 80/80 MP: 18/18
 10447 | D:12     | Reached skill level 10 in Dodging
 10513 | D:12     | Found a staircase to the Depths.
 10626 | Lair:1   | Entered Level 1 of the Lair of Beasts
 11604 | Lair:2   | Noticed Prince Ribbit
 11621 | Lair:2   | Killed Prince Ribbit
 11621 | Lair:2   | Reached ****** piety under Makhleb
 11727 | Lair:2   | Reached skill level 10 in Fighting
 11733 | Lair:2   | Reached skill level 16 in Maces & Flails
 12533 | Lair:3   | Found a staircase to the Snake Pit.
 12768 | Lair:3   | Found a staircase to the Shoals.
 13349 | Lair:4   | Noticed Nessos
 13358 | Lair:4   | Killed Nessos
 13861 | Lair:4   | Reached XP level 14. HP: 88/88 MP: 20/20
 13868 | Lair:4   | Found the +8 whip "Snakebite" {curare, rPois}
 14855 | Lair:6   | Entered Level 6 of the Lair of Beasts
 14901 | Lair:6   | Reached skill level 17 in Maces & Flails
 15057 | Lair:6   | Got a slimy chain mail
 15377 | Lair:6   | Found a staircase to the Slime Pits.
 15395 | Lair:6   | Found a viscous altar of Jiyva.
 15537 | Lair:6   | Identified the +8 chain mail of Understanding {Dex+4} (You
                  | found it on level 6 of the Lair of Beasts)
 16059 | Orc      | Entered the Orcish Mines
 16103 | Orc      | Found a roughly hewn altar of Beogh.
 16172 | Orc      | Found a roughly hewn altar of Beogh.
 16322 | Orc      | Found a roughly hewn altar of Beogh.
 16331 | Orc      | Found a staircase to the Elven Halls.
 16369 | Orc      | Found a roughly hewn altar of Beogh.
 16392 | Orc      | Found Puodyziff's Antique Weapon Shoppe.
 16469 | Orc      | Found a roughly hewn altar of Beogh.
 16598 | Orc      | Noticed Saint Roka
 16610 | Orc      | Reached skill level 1 in Evocations
 16615 | Orc      | Lost intelligence.
 16616 | Orc      | HP: 3/90 [troll[Saint Roka] (5)]
 16619 | Orc      | Killed from afar by an orc priest

Skill      XL: |  1  2  3  4  5  6  7  8  9 10 11 12 13 14 |
---------------+-------------------------------------------+-----
Maces & Flails | 4 5 6 7 9 10 12 13 15 16 17 | 17.7
Armour         | 1 2 3 4 5 6 7 8 10 11 | 11.9
Fighting       | 3 4 5 6 7 8 9 10 11 | 11.1
Dodging        | 4 5 6 7 8 9 10 11 | 11.4
Invocations    | 1 2 3 4 5 6 7 9 |  9.7
Evocations     | 1 |  1.0
Throwing       | |  1.7

Action                   |  1- 3 |  4- 6 |  7- 9 | 10-12 | 13-15 || total
-------------------------+-------+-------+-------+-------+-------++-------
Melee: Flail             |   102 |   196 |   313 |   532 |       ||  1143
       Morningstar       |       |       |       |    62 |       ||    62
       Great mace        |       |       |       |   242 |   661 ||   903
  Use: Scroll            |     1 |     5 |     9 |     6 |     6 ||    27
Armor: Leather armour    |     7 |       |       |       |       ||     7
       Scale mail        |    28 |   114 |    43 |       |       ||   185
       Plate armour      |       |       |   148 |   485 |   498 ||  1131
Dodge: Dodged            |    56 |   124 |   238 |   523 |   747 ||  1688
Block: Other             |       |       |    22 |       |       ||    22
